 Dungeon Crawl Stone Soup version 0.30-a0-883-g5ad918d77d (webtiles) character file.

Game seed: 3167639805267135313

1794 jasper the Cleaver (level 9, -7/55 HPs)
             Began as a Tengu Fighter on Mar 16, 2023.
             Was a Believer of Lugonu.
             Killed from afar by a steam dragon (23 damage)
             ... with a ball of steam
             ... on level 7 of the Dungeon.
             The game lasted 00:08:42 (4449 turns).

jasper the Cleaver (Tengu Fighter)                  Turns: 4449, Time: 00:08:42

Health: -7/55      AC: 11    Str: 21    XL:     9   Next: 9%
Magic:  10/10      EV:  9    Int:  8    God:    Lugonu [**....]
Gold:   280        SH:  6    Dex: 14    Spells: 8/8 levels left

rFire   . . .      SeeInvis .    d - +1 short sword (venom)
rCold   . . .      Faith    .    c - +1 buckler
rNeg    . . .      Spirit   .    e - +0 chain mail
rPois   .          Reflect  .    (helmet restricted)
rElec   .          Rampage  .    (no cloak)
rCorr   .                        n - +0 pair of gloves
Will    .....                    (boots unavailable) Stlth
                                 (no amulet)
HPRegen 0.29/turn                (no ring)
MPRegen 0.12/turn                (no ring)

@: flying quickly and evasively, quick
A: beak, talons 3, nimble flight
a: Renounce Religion, Depart the Abyss, Banish


You were on level 7 of the Dungeon.
You worshipped Lugonu.
Lugonu was pleased with you.
You visited 1 branch of the dungeon, and saw 7 of its levels.

You collected 280 gold pieces.

Inventory:

Hand Weapons
 a - a +0 war axe
 d - a +1 short sword of venom (weapon)
 j - a +2 flail of protection
 o - a +0 flail
Missiles
 f - 24 stones (quivered)
Armour
 b - a +0 scale mail
 c - a +1 buckler (worn)
 e - a +0 chain mail (worn)
 g - +0 steam dragon scales
 n - a +0 pair of gloves (worn)
 r - a +0 kite shield
Wands
 q - a wand of iceblast (6)
Scrolls
 h - a scroll of identify
 i - a scroll of blinking
 l - 4 scrolls of immolation
Potions
 k - a potion of magic
 m - 2 potions of brilliance {unknown}
 p - a potion of curing {unknown}


   Skills:
 + Level 6.3 Fighting
 * Level 8.9 Axes
 + Level 6.9 Armour
 - Level 4.0 Shields


You had 8 spell levels left.
You didn't know any spells.
Your spell library contained the following spells:

 Spells                   Type           Power      Damage    Failure   Level
 Kiss of Death            Conj/Necr      0%         2d5       99%         1
 Confusing Touch          Hex            0%         N/A       100%        3
 Dispel Undead            Necr           0%         3d6       100%        4


Dungeon Overview and Level Annotations

Branches:
Dungeon (7/15)             Temple (0/1) D:4

Altars:
Cheibriados
Dithmenos
Okawaru
Yredelemnul
Zin
Lugonu


Innate Abilities, Weirdness & Mutations

You have a beak for a mouth.
You have claws for feet.
Your magical nature lets you fly swiftly and evasively.


Message History

The steam dragon bites you but does no damage.
The steam dragon barely misses you.
You take 6 damage, and have 27/55 hp.
You hit the howler monkey but do no damage.
The howler monkey is poisoned.
The howler monkey is heavily wounded.
The howler monkey hits you but does no damage.
The steam dragon misses you. The steam dragon barely misses you.
An orc comes into view. It is wielding a +1 vampiric hand axe.
Found a stone staircase leading down.
The orc shouts!
The steam dragon breathes steam at you. The ball of steam misses you.
The howler monkey attacks as you move away!
The howler monkey hits you but does no damage.
An orc comes into view. It is wielding a +0 club.
You block the steam dragon's attack. The steam dragon misses you.
You are engulfed in a cloud of scalding steam.
You hit the howler monkey.
The howler monkey looks even sicker.
You claw the howler monkey!
The howler monkey is almost dead.
You kill the howler monkey!
Lugonu accepts your kill. The steam dragon breathes steam at you.
The ball of steam hits you!
The orc shouts!
You take 7 damage, and have 21/55 hp.
Found 23 gold pieces.
You hit the steam dragon but do no damage.
You claw the steam dragon, but do no damage.
Your peck misses the steam dragon.
The steam dragon is severely wounded.
You are engulfed in a cloud of scalding steam.
* * * LOW HITPOINT WARNING * * *
The steam dragon barely misses you. x2
You take 5 damage, and have 16/55 hp.
The orc is engulfed in a cloud of scalding steam.
The steam dragon breathes steam at you. The ball of steam hits you!!
You die...

#. #. ####.
....>..############ .$.
#oo.#..>§..§... .o#
#..§§§..§.... ?..
#.§§..§§.....
#.##.(oD§....... ...
#..#....@.......
.....##..)...........
....................
...#####........... #
#.###.......?...... .#
#.#.#...###...####.##
...#.#...######.......$#
..................... .#
#..........#.#......


You could see a steam dragon (very poisoned, catching breath) and an orc.

Vanquished Creatures
  Maggie (D:6)
  A water moccasin (D:5)
  An ice beast (D:3)
  A sky beast (D:6)
  A centaur (D:5)
  5 phantoms
  Blork the orc (D:6)
  A gnoll sergeant (D:7)
  A howler monkey (D:7)
  A jelly (D:6)
  3 orc priests (D:5)
  3 hounds
  3 iguanas (D:5)
  A sleepcap (D:4)
  5 orc wizards (D:5)
  5 gnolls (D:7)
  4 adders
  4 white imps
  A worm (D:2)
  14 orcs
  6 endoplasms
  3 giant cockroaches
  5 goblins
  2 hobgoblins (D:1)
  7 kobolds
  2 quokkas
  6 ball pythons
  3 bats
  A frilled lizard (D:2)
  2 rats
94 creatures vanquished.

Notes
Turn   | Place    | Note
-------+----------+-------------------------------------------
     0 | D:1      | jasper the Tengu Fighter began the quest for the Orb.
     0 | D:1      | Reached XP level 1. HP: 14/14 MP: 2/2
   137 | D:1      | Reached XP level 2. HP: 19/19 MP: 3/3
   555 | D:1      | Reached XP level 3. HP: 20/23 MP: 4/4
  1041 | D:2      | Found a faded altar of an unknown god.
  1050 | D:2      | Prayed at the altar of an unknown god.
  1050 | D:2      | Became a worshipper of Lugonu the Unformed
  1050 | D:2      | Reached * piety under Lugonu
  1743 | D:3      | Found an iron altar of Okawaru.
  1771 | D:3      | Noticed an ice beast
  1784 | D:3      | Killed an ice beast
  1785 | D:3      | Reached skill level 3 in Axes
  1785 | D:3      | Reached XP level 4. HP: 28/28 MP: 5/5
  1785 | D:3      | Gained mutation: Your magical nature lets you fly swiftly
                  | and evasively. [Tengu growth]
  1785 | D:3      | Reached XP level 5. HP: 32/32 MP: 6/6
  2293 | D:4      | Reached skill level 4 in Axes
  2382 | D:4      | Found a staircase to the Ecumenical Temple.
  2404 | D:4      | Found a snail-covered altar of Cheibriados.
  2404 | D:4      | Noticed an ogre
  2437 | D:4      | Noticed an ogre
  2463 | D:5      | Entered Level 5 of the Dungeon
  2495 | D:5      | Reached XP level 6. HP: 36/38 MP: 7/7
  2528 | D:5      | Found a glowing silver altar of Zin.
  2571 | D:5      | Noticed a water moccasin
  2574 | D:5      | Killed a water moccasin
  2575 | D:5      | Reached skill level 5 in Axes
  2703 | D:5      | Reached XP level 7. HP: 44/44 MP: 8/8
  2746 | D:5      | Reached ** piety under Lugonu
  2755 | D:5      | Reached skill level 5 in Armour
  2777 | D:5      | Reached skill level 6 in Axes
  3068 | D:5      | Reached skill level 5 in Fighting
  3076 | D:5      | Reached XP level 8. HP: 46/49 MP: 9/9
  3139 | D:5      | Reached skill level 7 in Axes
  3581 | D:6      | Found a shadowy altar of Dithmenos.
  3587 | D:6      | Noticed Blork the orc
  3604 | D:6      | Killed Blork the orc
  3885 | D:6      | Found a basalt altar of Yredelemnul.
  3888 | D:6      | Noticed Maggie
  3911 | D:6      | Killed Maggie
  3912 | D:6      | Reached skill level 8 in Axes
  4372 | D:7      | Reached XP level 9. HP: 55/55 MP: 10/10
  4449 | D:7      | Killed from afar by a steam dragon

Illustrated notes

Levels and vault maps discovered:
D:1:      evilmike_arrival_hilbert_curve, layout_loops_ring
D:2:      layout_basic, hellmonk_ecumenical_altar_blasted
D:3:      layout_basic, overflow_temple_1_default
D:4:      layout_cave_pods, mainiacjoe_overflow_catwalk,
          minmay_temple_entry_large_hall, serial_shops,
          nicolae_shop_advertising_works [nicolae_subvault_shop_adworks],
          uniq_duvessa
D:5:      layout_basic, mainiacjoe_overflow_alcove_4
D:6:      layout_cave_pools, kennysheep_mini, grunt_dithmenos_smoke,
          serial_column_ruins, column_ruins_grid_1,
          column_ruins_columns_straight, column_ruins_grid_1,
          column_ruins_corridor_dead_end, column_ruins_corridor_straight,
          column_ruins_open_tiny, column_ruins_open_tiny,
          kennysheep_flooded_box, uniq_blork_the_orc, uniq_maggie
D:7:      layout_rooms, uniq_joseph

Skill      XL: |  1  2  3  4  5  6  7  8 |
---------------+-------------------------+-----
Shields        | 4 |  4.0
Axes           | 3 4 5 6 8 |  8.9
Armour         | 4 5 6 |  6.9
Fighting       | 4 5 6 |  6.3

Action                     |  1- 3 |  4- 6 |  7- 9 || total
---------------------------+-------+-------+-------++-------
  Melee: Short sword       |    60 |    35 |   142 ||   237
         War axe           |     9 |       |    28 ||    37
         Kick              |    22 |    12 |    55 ||    89
         Peck              |    11 |    13 |    39 ||    63
         Flail             |       |     2 |       ||     2
  Evoke: Wand              |       |       |     4 ||     4
    Use: Potion            |     2 |       |     2 ||     4
         Scroll            |     5 |       |     5 ||    10
 Armour: Scale mail        |    17 |       |       ||    17
         Chain mail        |       |    13 |    79 ||    92
  Dodge: Dodged            |    11 |     9 |    56 ||    76
  Block: Buckler           |    11 |    13 |    33 ||    57

Table legend: (Time is in decaauts)
 A = Elapsed time spent in this place.
 B = Non-inter-level travel time spent in this place.
 C = Inter-level travel time spent in this place.
 D = Time resting spent in this place.
 E = Time spent auto-exploring this place.
 F = Levels seen in this place.
 G = Mean time per level.
                   A        B        C        D        E       F      G
               +--------+--------+--------+--------+--------+-----+--------+
         Total |   4272 |   4153 |    119 |    435 |   2922 |   7 |  610.3 |
       Dungeon |   4272 |   4153 |    119 |    435 |   2922 |   7 |  610.3 |
               +--------+--------+--------+--------+--------+-----+--------+

Top non-repeatable levels by time:
     D:5: 1029 daAuts
     D:1: 813 daAuts
     D:6: 771 daAuts
     D:3: 715 daAuts
     D:2: 596 daAuts
     D:4: 267 daAuts
     D:7: 78 daAuts
